 Dungeon Crawl Stone Soup version 0.32-a0-814-g0968bab981 (webtiles) character file.

Game seed: 13917120325530884805

117 Elsrick the Twirler (level 5, -7/53 HPs)
             Began as an Oni Gladiator on Mar 23, 2024.
             Splashed by a jelly's acid (9 damage)
             ... on level 4 of the Dungeon.
             The game lasted 00:05:49 (2611 turns).

Elsrick the Twirler (Oni Gladiator)                 Turns: 2611, Time: 00:05:49

Health: -7/53      AC: -5    Str: 20    XL:     5   Next: 1%
Magic:  6/6        EV:  9    Int:  9    God:
Gold:   80         SH:  0    Dex: 10    Spells: 4/5 levels left

rFire   . . .        m - +2 hand axe (heavy)
rCold   . . .        (no shield)
rNeg    . . .        b - +0 robe
rPois   .            c - +0 hat
rElec   .            (no cloak)
rCorr   .            (gloves unavailable)
SInv    .            (boots unavailable)
Will    .....        (no amulet)
Stlth   +            (no ring)
HPRegen 0.28/turn    (no ring)
MPRegen 0.10/turn

%: no passive effects
@: corroded
A: large, unfitting armour, horns 1, tough skin 1, double potion healing,
drunken brawling
a: no special abilities


You were on level 4 of the Dungeon.
You visited 1 branch of the dungeon, and saw 4 of its levels.

You collected 80 gold pieces.

Inventory:

Hand Weapons
 a - a +0 quarterstaff
 m - a +2 heavy hand axe (weapon)
Missiles
 d - 3 throwing nets
 e - 5 large rocks (quivered)
Armour
 b - a +0 robe (worn)
 c - a +0 hat (worn)
Wands
 q - a wand of charming (7)
Scrolls
 h - a scroll of identify {unknown}
 j - a scroll of fog {unknown}
 k - a scroll of vulnerability {unknown}
 l - 2 scrolls of enchant weapon {unknown}
 n - a scroll of enchant armour {unknown}
 p - a scroll of teleportation {unknown}
Potions
 f - 3 potions of heal wounds {unknown}
 g - 2 potions of enlightenment {unknown}
 i - 3 potions of lignification {unknown}
 o - a potion of might {unknown}
 r - a potion of ambrosia {unknown}


   Skills:
 + Level 3.4 Fighting
 + Level 0.9(1.3) Axes
 * Level 1.3(2.8) Maces & Flails
 - Level 3.6(3.7) Staves
 + Level 2.2 Throwing
 + Level 3.5 Dodging
 + Level 0.7 Spellcasting
 + Level 0.3 Necromancy


You had 4 spell levels left.
You knew the following spells:

 Your Spells              Type           Power      Damage    Failure   Level
a - Necrotise             Necr           0%         1d4       32%         1

Your spell library contained the following spells:

 Spells                   Type           Power      Damage    Failure   Level
 Scorch                   Fire           0%         2d5       50%         2
 Vampiric Draining        Necr           0%         2d6       69%         3
 Dazzling Flash           Conj/Hex       0%         N/A       75%         3
 Mephitic Cloud           Conj/Alch/Air  0%         N/A       75%         3
 Flame Wave               Conj/Fire      0%         2d4       98%         4
 Martyr's Knell           Necr/Summ      0%         N/A       98%         4
 Curse of Agony           Necr           0%         N/A       100%        5
 Silence                  Hex/Air        0%         N/A       100%        5
 Summon Cactus Giant      Summ           0%         N/A       100%        6


Dungeon Overview and Level Annotations

Branches:
Dungeon (4/15)
 Temple: D:4-7

Altars:
Fedhas


Innate Abilities, Weirdness & Mutations

You are too large for most types of armour.
You have a pair of small horns on your head.
You have tough skin. (AC +1)
You gain doubled healing and magic from potions.
Whenever you drink a healing potion, you attack all around you.


Message History

The jackal barely misses you. The hobgoblin hits you. The jackal bites you.
You hit the hobgoblin.
You kill the hobgoblin!
You barely miss the jackal. The jackal closely misses you.
The jackal bites you.
You have reached level 5!
You closely miss the jackal. Your headbutt misses the jackal.
The jackal bites you but does no damage. x3
You hit the jackal.
The jackal is severely wounded.
The jackal bites you. x2
You hit the jackal.
You kill the jackal!
A giant cockroach comes into view.
A hound and a jelly come into view.
You closely miss the giant cockroach. The giant cockroach misses you.
The giant cockroach bites you.
You hit the giant cockroach.
Your headbutt misses the giant cockroach.
The giant cockroach is moderately wounded.
You hit the jelly.
Your hands burn!
The hound barks!
The giant cockroach closely misses you. The jelly barely misses you.
The giant cockroach bites you but does no damage.
The jelly closely misses you. The giant cockroach barely misses you.
You hit the jelly. The acid corrodes you!
Your hands burn!
The jelly is severely wounded.
The jelly hits you.
You are splashed with acid!
The jelly hits you.
You are splashed with acid!
You hit the jelly.
Your hands burn!
* * * LOW HITPOINT WARNING * * *
The jelly is severely wounded.
The jelly hits you.
* * * LOW HITPOINT WARNING * * *
The acid corrodes you!
You are splashed with acid!
* * * LOW HITPOINT WARNING * * *
The jelly hits you.
* * * LOW HITPOINT WARNING * * *
You are splashed with acid!
You die...

##........
..$.....#
........#
#..##h†.#
#####..##..>#
#......#..h.#
#....hB+....#
#J###(.#
##@###..#
#†..#...+
#<..'...#
#...#...#
##..##..#
#####..#
....# ....#
....+


You could see a hound, a jelly and a giant cockroach.

Vanquished Creatures
  6 adders
  4 dart slugs (D:3)
  2 orcs (D:3)
  3 endoplasms
  2 giant cockroaches
  6 hobgoblins
  4 jackals
  9 ball pythons
  5 bats
  A frilled lizard (D:1)
  3 goblins (D:2)
  4 kobolds
  5 rats
54 creatures vanquished.

Notes
Turn   | Place    | Note
-------+----------+-------------------------------------------
     0 | D:1      | Elsrick the Oni Gladiator began the quest for the Orb.
     0 | D:1      | Reached XP level 1. HP: 22/22 MP: 1/1
   160 | D:1      | Reached XP level 2. HP: 26/29 MP: 2/2
   750 | D:2      | Reached XP level 3. HP: 24/36 MP: 3/3
  1580 | D:3      | Reached XP level 4. HP: 45/45 MP: 4/4
  1643 | D:3      | Found a blossoming altar of Fedhas.
  1662 | D:3      | Learned a level 1 spell: Necrotise
  1690 | D:3      | Reached skill level 1 in Maces & Flails
  2601 | D:4      | Reached XP level 5. HP: 45/53 MP: 5/5
  2611 | D:4      | HP: 2/53 [jelly (2)]
  2611 | D:4      | Splashed by a jelly's acid

Illustrated notes

Levels and vault maps discovered:
D:1:      roderic_crop_circles_arrival_small, layout_basic,
          minmay_misc_feat_encased
D:2:      layout_loops_ring, kennysheep_path_1
D:3:      layout_basic, old_standard_altar, serial_forest,
          infiniplex_forest_clump_medium, infiniplex_forest_pool,
          infiniplex_forest_end_1, infiniplex_forest_end_3,
          infiniplex_forest_3_way, infiniplex_forest_lined_3_way,
          infiniplex_forest_clump_long, infiniplex_forest_corner_1
D:4:      layout_gridville, corexii_corridor_pit

Skill      XL: |  1  2  3  4 |
---------------+-------------+-----
Dodging        | 3 |  3.5
Fighting       | 3 |  3.4
Maces & Flails | 1 |  1.3
Axes           | |  0.9
Staves         | |  3.6
Throwing       | |  2.2
Spellcasting   | |  0.7
Necromancy     | |  0.3

Action                     |  1- 3 |  4- 6 || total
---------------------------+-------+-------++-------
  Melee: Quarterstaff      |    68 |       ||    68
         Headbutt          |    11 |     6 ||    17
         Hand axe          |    28 |    41 ||    69
   Cast: Necrotise         |       |    11 ||    11
 Armour: Robe              |    67 |    46 ||   113
  Dodge: Dodged            |    70 |    36 ||   106

Table legend: (Time is in decaauts)
 A = Elapsed time spent in this place.
 B = Non-inter-level travel time spent in this place.
 C = Inter-level travel time spent in this place.
 D = Time resting spent in this place.
 E = Time spent auto-exploring this place.
 F = Levels seen in this place.
 G = Mean time per level.
                   A        B        C        D        E       F      G
               +--------+--------+--------+--------+--------+-----+--------+
         Total |   2682 |   2655 |     27 |    300 |   1744 |   4 |  670.5 |
       Dungeon |   2682 |   2655 |     27 |    300 |   1744 |   4 |  670.5 |
               +--------+--------+--------+--------+--------+-----+--------+

Top non-repeatable levels by time:
     D:3: 1084 daAuts
     D:2: 819 daAuts
     D:1: 720 daAuts
     D:4: 56 daAuts
